 Dungeon Crawl Stone Soup version 0.22.1-1-ga44c0e5 (webtiles) character file.

974 poxvuibr the Reanimator (level 7, -4/46 HPs)
             Began as a Demonspawn Necromancer on Nov 3, 2018.
             Slain by an orc warrior
             ... wielding a +0 long sword
              (17 damage)
             ... on level 6 of the Dungeon.
             The game lasted 00:16:36 (6958 turns).

poxvuibr the Reanimator (Demonspawn Necromancer)    Turns: 6958, Time: 00:16:37

Health: -4/46      AC:  4    Str:  9    XL:     7   Next: 95%
Magic:  7/16       EV: 12    Int: 18    God:
Gold:   301        SH:  0    Dex: 13    Spells: 17/18 levels left

rFire    + . .     SeeInvis .   n - +1 shortbow
rCold    . . .     Gourm    .   (shield currently unavailable)
rNeg     . . .     Faith    .   a - +0 robe
rPois    .         Spirit   .   (helmet restricted)
rElec    .         Reflect  .   r - scarf {cloud immunity}
rCorr    +         Harm     .   (no gloves)
MR       .....                  C - +1 pair of boots
Stlth    ++........             (no amulet)
HPRegen  0.15/turn              x - ring of resist corrosion
MPRegen  0.15/turn              (no ring)

@: no status effects
A: claws 1, horns 1, talons 2, fire resistance 1, powered by death 1
a: no special abilities


You were on level 6 of the Dungeon.
You were hungry.

You visited 2 branches of the dungeon, and saw 7 of its levels.

You collected 301 gold pieces.

Inventory:

Hand Weapons
 g - a +0 dagger
 n - a +1 shortbow (weapon)
 s - a +0 hunting sling
Missiles
 h - 180 stones
 p - 79 arrows (quivered)
Armour
 a - a +0 robe (worn)
 r - a scarf of cloud immunity (worn)
 C - a +1 pair of boots (worn)
Jewellery
 x - a ring of resist corrosion (left claw)
 D - an uncursed ring of ice {unknown}
Wands
 c - a wand of digging (16)
 v - a wand of flame (29)
 E - a wand of random effects (21)
Scrolls
 d - 2 scrolls of teleportation {unknown}
 f - a scroll of enchant weapon
 j - a scroll of magic mapping
 k - a scroll of fog
 q - 2 scrolls of identify
 u - a scroll of remove curse
 y - a scroll of blinking {unknown}
Potions
 b - 2 potions of cancellation {unknown}
 i - 2 potions of brilliance {unknown}
 l - a potion of heal wounds
 m - 3 potions of curing {unknown}
 t - a potion of agility {unknown}
 z - a potion of resistance {unknown}
 A - a potion of haste {unknown}
 B - a potion of mutation {unknown}
Comestibles
 w - 4 rations


   Skills:
 - Level 1.7 Dodging
 - Level 1.7 Stealth
 + Level 6.2 Spellcasting
 + Level 8.4 Necromancy


You had 17 spell levels left.
You knew the following spells:

 Your Spells              Type           Power        Failure   Level  Hunger
z - Pain                  Necr           ####         1%          1    None

Your spell library contained the following spells:

 Spells                   Type           Power        Failure   Level  Hunger
 Animate Skeleton         Necr           N/A          1%          1    None
 Vampiric Draining        Necr           #####.....   1%          3    ##.....
 Animate Dead             Necr           N/A          3%          4    ####...
 Regeneration             Chrm/Necr      ###.......   6%          3    ##.....


Dungeon Overview and Level Annotations

Branches:
Dungeon (6/15)             Temple (1/1) D:5

Altars:
Ashenzari
Cheibriados
Dithmenos
Fedhas
Gozag
Nemelex Xobeh
Okawaru
Qazlal
Ru
Trog
Uskayaw
Xom
Yredelemnul
The Shining One

Annotations:
D:5 2 runed doors, Merlin's ghost, amateur OpMo


Innate Abilities, Weirdness & Mutations

You have sharp fingernails.
You have a pair of small horns on your head.
You have razor-sharp toenails.
Your flesh is heat resistant. (rF+)
You regenerate a little health from kills.


Message History

As you read the scroll labeled BIOM SE VEA, it crumbles to dust.
The dust glows pale ochre!
It was a scroll of random uselessness.
The orc warrior closely misses you.
As you read the scroll labeled ONIUNN BUEPIF, it crumbles to dust.
It is a scroll of identify.
u - a scroll of remove curse The orc warrior closely misses you.
As you read the scroll labeled MET QISAREULA, it crumbles to dust.
The scroll dissolves into smoke.
It was a scroll of fog.
The orc warrior barely misses you.
As you read the scroll labeled ENONGI TAUJ, it crumbles to dust.
You feel aware of your surroundings.
You sensed 2 altars.
It was a scroll of magic mapping.
The orc warrior hits you with a long sword!
* * * LOW HITPOINT WARNING * * *
As you read the scroll labeled UNLEIC ISOALEN, it crumbles to dust.
It is a scroll of enchant weapon.
Your +0 shortbow glows red for a moment.
The orc warrior hits you with a long sword!
You die...

*,,,,,..........##....# #
*,***#######...###....# #
*****##................# #
*,+_*#....##.######....######
*,***#....##.# #.#........
*,,* #....##.# #.#.#######
**,* #....##§# #.#.# #.. *,*
#....##§# #.#.#####.# *,*
#....##@# #.#........ *,*
#....##o# #.######### *,*
#....##o#### #.,,,,,,,,,
*,###..........# ***********
*,#....o.......# *,,,,
*,#............##*******,,,,
*,#..#.............,,,,,,,,,
*,#..#...##.#######*****,,,,
*,#...._..#.# *,,,,,,


You could see an orc warrior (inner flame) and an orc wizard (inner flame).

Vanquished Creatures
  An ogre (D:4)
  2 scorpions
  A howler monkey (D:6)
  2 crimson imps (D:6)
  4 orc priests
  2 hounds
  4 orc wizards
  Ijyb (D:3)
  Jessica (D:3)
  A worker ant (D:4)
  Natasha (D:2)
  6 gnolls
  11 adders
  A shadow imp (D:6)
  An ooze (D:1)
  2 worms
  3 dart slugs
  3 leopard geckos
  15 orcs
  5 bats
  7 giant cockroaches
  6 goblins
  6 hobgoblins
  14 jackals
  7 kobolds
  4 quokkas
  2 ball pythons
  3 frilled lizards
  6 rats
122 creatures vanquished.

Notes
Turn   | Place    | Note
-------+----------+-------------------------------------------
     0 | D:1      | poxvuibr the Demonspawn Necromancer began the quest for the
                  | Orb.
     0 | D:1      | Reached XP level 1. HP: 13/13 MP: 3/3
   217 | D:1      | Gained mutation: Your flesh is heat resistant. (rF+)
                  | [demonic ancestry]
   217 | D:1      | Reached XP level 2. HP: 5/19 MP: 0/5
   759 | D:1      | Found a sparkling altar of Nemelex Xobeh.
   928 | D:2      | Reached skill level 5 in Necromancy
  1138 | D:2      | Gained mutation: You have sharp toenails. [demonic
                  | ancestry]
  1138 | D:2      | Reached XP level 3. HP: 24/24 MP: 5/7
  1495 | D:2      | Found a faded altar of an unknown god.
  1995 | D:2      | Gained mutation: You regenerate a little health from kills.
                  | [demonic ancestry]
  1995 | D:2      | Reached XP level 4. HP: 30/30 MP: 6/8
  2136 | D:2      | Noticed Natasha
  2141 | D:2      | Killed Natasha
  2232 | D:2      | Noticed a moth of wrath
  2235 | D:2      | Found a bloodstained altar of Trog.
  2876 | D:3      | Gained mutation: You have razor-sharp toenails. [demonic
                  | ancestry]
  2876 | D:3      | Reached XP level 5. HP: 31/35 MP: 10/10
  2880 | D:3      | Reached skill level 6 in Necromancy
  3485 | D:3      | Noticed Jessica
  3488 | D:3      | Killed Jessica
  3540 | D:3      | Found a sacrificial altar of Ru.
  3641 | D:3      | Noticed Ijyb
  3650 | D:3      | Killed Ijyb
  3650 | D:3      | Gained mutation: You have sharp fingernails. [demonic
                  | ancestry]
  3650 | D:3      | Reached XP level 6. HP: 31/41 MP: 4/12
  4545 | D:4      | Reached skill level 5 in Spellcasting
  4545 | D:4      | Reached skill level 7 in Necromancy
  4712 | D:4      | Found a snail-covered altar of Cheibriados.
  4830 | D:4      | Gained mutation: You have a pair of small horns on your
                  | head. [demonic ancestry]
  4830 | D:4      | Reached XP level 7. HP: 8/46 MP: 7/14
  5167 | D:5      | Entered Level 5 of the Dungeon
  5764 | D:5      | Found a runed door.
  5805 | D:5      | Found a staircase to the Ecumenical Temple.
  5816 | Temple   | Entered the Ecumenical Temple
  6099 | D:5      | Found a glowing golden altar of the Shining One.
  6101 | D:5      | Found a runed door.
  6108 | D:5      | Noticed Merlin's ghost (amateur OpMo)
  6532 | D:6      | Found an opulent altar of Gozag.
  6577 | D:6      | Reached skill level 8 in Necromancy
  6914 | D:6      | Found a shimmering altar of Xom.
  6958 | D:6      | Slain by an orc warrior

Skill      XL: |  1  2  3  4  5  6  7 |
---------------+----------------------+-----
Necromancy     | 5 6 7 8 |  8.4
Spellcasting   | 3 4 5 6 |  6.2
Dodging        | |  1.7
Stealth        | |  1.7

Action                   |  1- 3 |  4- 6 |  7- 9 || total
-------------------------+-------+-------+-------++-------
Melee: Dagger            |    29 |     8 |       ||    37
       Unarmed           |     1 |       |       ||     1
       Kick              |     2 |     1 |       ||     3
 Fire: Shortbow          |       |   124 |    66 ||   190
 Cast: Pain              |    59 |    94 |    59 ||   212
  Use: Potion            |     2 |       |     4 ||     6
       Scroll            |       |       |     6 ||     6
  Eat: Chunk             |     4 |     4 |     3 ||    11
       Ration            |       |     1 |     1 ||     2
Armor: Robe              |     7 |     8 |     9 ||    24
       Skin              |    12 |       |       ||    12
Dodge: Dodged            |    24 |    55 |    36 ||   115
